 Dungeon Crawl Stone Soup version 0.30.1-11-g7821555f0a (webtiles) character file.

Game seed: 4708778594316352698

2 SacredBeard the Grave Robber (level 1, -2/13 HPs)
             Began as a Demonspawn Necromancer on Nov 4, 2023.
             Frozen to death by an endoplasm (5 damage)
             ... on level 1 of the Dungeon.
             The game lasted 00:00:50 (63 turns).

SacredBeard the Grave Robber (Demonspawn Necromancer) Turns: 63, Time: 00:00:50

Health: -2/13      AC:  2    Str:  8    XL:     1   Next: 33%
Magic:  0/3        EV: 12    Int: 16    God:
Gold:   0          SH:  0    Dex: 13    Spells: 3/4 levels left

rFire   . . .        d - +0 dagger
rCold   . . .        (no shield)
rNeg    . . .        a - +0 robe
rPois   .            (no helmet)
rElec   .            (no cloak)
rCorr   .            (no gloves)
SInv    .            (no boots)
Will    .....        (no amulet)
Stlth   ++           (no ring)
HPRegen 0.22/turn    (no ring)
MPRegen 0.08/turn

%: no passive effects
@: no status effects
A: no striking features
a: no special abilities


You were on level 1 of the Dungeon.
You visited 1 branch of the dungeon, and saw 1 of its levels.

Inventory:

Hand Weapons
 d - a +0 dagger (weapon)
Missiles
 c - 2 stones
Armour
 a - a +0 robe (worn)
Potions
 b - a potion of magic


   Skills:
 + Level 0.0 Fighting
 + Level 0.0 Armour
 + Level 1.8 Dodging
 + Level 1.8 Stealth
 + Level 2.0 Spellcasting
 * Level 4.4 Necromancy


You had 3 spell levels left.
You knew the following spells:

 Your Spells              Type           Power      Damage    Failure   Level
a - Necrotise             Necr           60%        1d7       3%          1

Your spell library contained the following spells:

 Spells                   Type           Power      Damage    Failure   Level
 Vampiric Draining        Necr           15%        2d7       10%         3
 Ozocubu's Armour         Ice            1%         N/A       52%         3
 Animate Dead             Necr           15%        N/A       32%         4
 Agony                    Necr           15%        N/A       67%         5
 Ozocubu's Refrigeration  Ice            0%         4d7       100%        7


Dungeon Overview and Level Annotations

Branches:
Dungeon (1/15) Zot: 5936

Altars:


Message History

You are frozen.
You see here a +0 dagger.
d - a +0 dagger Your kobold skeleton barely misses the hobgoblin.
The endoplasm misses you. The hobgoblin closely misses you.
d - a +0 dagger (weapon)
Casting: Necrotise (safe; 3% risk of failure)
Confirm with . or Enter, or press ? or * to list all spells.
Aiming: Necrotise (safe; 3% risk of failure)
Press: ? - help, Shift-Dir - straight line, f - hobgoblin
Aim: a hobgoblin (ally target, chance to affect: 85%)
The hobgoblin barely resists.
Your kobold skeleton hits the hobgoblin but does no damage.
The endoplasm closely misses you. The hobgoblin closely misses you.
Unknown command.
You hit the hobgoblin.
The hobgoblin is heavily wounded.
The hobgoblin misses you.
The endoplasm hits you but does no damage.
Your kobold skeleton barely misses the hobgoblin.
You barely miss the hobgoblin.
The hobgoblin is heavily wounded.
The hobgoblin hits you. The endoplasm closely misses you.
Your kobold skeleton hits the hobgoblin.
You closely miss the hobgoblin.
The hobgoblin is severely wounded.
The hobgoblin hits you. The endoplasm freezes you.
You are frozen.
Your kobold skeleton hits the hobgoblin.
You barely miss the hobgoblin.
The hobgoblin is almost dead.
The hobgoblin barely misses you. The endoplasm hits you.
* * * LOW HITPOINT WARNING * * *
You closely miss the hobgoblin.
The hobgoblin is almost dead.
Your kobold skeleton closely misses the hobgoblin.
The endoplasm freezes you.
You are frozen.
You die...

##### ### #...####
####.######..#....
####..............#
.................# ####
#.....@.........# ##...
#.....Jg.........# #..##
.......Z.......#####[###
...............##.......
...............#.#.#.#.#
.......$........#.#.#.#.
.........##.##.#.#.#.#.#
#.......###.##..#.#<#.##
....... #.##.#.#.#.#.#


You could see an endoplasm, a hobgoblin (ally target) and a friendly kobold
skeleton.

Vanquished Creatures
  An endoplasm (D:1)
  A frilled lizard (D:1)
  A kobold (D:1)
3 creatures vanquished.

Notes
Turn   | Place    | Note
-------+----------+-------------------------------------------
     0 | D:1      | SacredBeard the Demonspawn Necromancer began the quest for
                  | the Orb.
     0 | D:1      | Reached XP level 1. HP: 13/13 MP: 3/3
    63 | D:1      | Frozen to death by an endoplasm

Illustrated notes

Levels and vault maps discovered:
D:1:      lightli_arrival_chessboard, layout_rooms, grunt_decor_fettered,
          minmay_misc_feat_rows

Action                     || total
---------------------------++-------
  Melee: Dagger            ||     5
         Unarmed           ||     1
   Cast: Necrotise         ||     5
 Armour: Robe              ||     1
  Dodge: Dodged            ||     8
